 Dungeon Crawl Stone Soup version 0.19-a0-328-g3707654 (webtiles) character file.

1689 wvc the Martial Artist (level 8, -19/60 HPs)
             Began as a Demonspawn Wanderer on May 28, 2016.
             Was a Believer of Cheibriados.
             Demolished by a hill giant
             ... wielding a +0 giant club
              (34 damage)
             ... on level 8 of the Dungeon.
             The game lasted 00:10:54 (6876 turns).

wvc the Martial Artist (Demonspawn Wanderer)        Turns: 6876, Time: 00:10:55

Health: -19/60     AC:  7    Str: 19    XL:     8   Next: 71%
Magic:  9/9        EV: 18    Int: 17    God:    Cheibriados [**....]
Gold:   417        SH:  5    Dex: 25    Spells: 2 memorised, 5 levels left

rFire  . . .     SeeInvis +       - Unarmed
rCold  + . .     Gourm    .     g - +2 ring mail {rC+}
rNeg   . . .     Faith    .     r - +0 buckler
rPois  .         Spirit   .     (no helmet)
rElec  .         Dismiss  .     (no cloak)
rCorr  .         Reflect  .     (no gloves)
SustAt .         Harm     .     (no boots)
MR     .....                    (no amulet)
Stlth  +++.......               u - ring of wizardry
                                e - ring of see invisible

@: agile, very slow, not resistant to hostile enchantments, fairly stealthy
A: claws 1, powered by pain 1, spiny 2
a: Bend Time, Renounce Religion


You were on level 8 of the Dungeon.
You worshipped Cheibriados.
Cheibriados was pleased with you.
You were not hungry.

You visited 2 branches of the dungeon, and saw 9 of its levels.

You collected 417 gold pieces.

Inventory:

Missiles
 j - 16 poisoned needles
Armour
 g - a +2 ring mail of cold resistance (worn)
 r - a +0 buckler (worn)
 y - a troll hide
Jewellery
 e - a ring of see invisible (left claw)
 m - an uncursed ring of magical power
 p - an uncursed ring of sustain attributes
 u - a ring of wizardry (right claw)
Wands
 b - a wand of iceblast (9/15)
 w - a wand of confusion (22/48)
 x - a wand of flame (24/48)
Scrolls
 c - 2 scrolls of teleportation
 d - 4 scrolls of remove curse
 k - 4 scrolls of enchant weapon
 o - 3 scrolls of identify
 s - 2 scrolls of blinking
Potions
 i - a potion of lignification {unknown}
 l - 6 potions of curing
 n - a potion of might
 q - 2 potions of agility
 t - a potion of brilliance
Books
 a - a book of Minor Magic

   Spells                             Type                      Level
   a - Magic Dart                     Conjuration                  1
   b - Blink                          Translocation                2
   c - Call Imp                       Summoning                    2
   d - Repel Missiles                 Charms/Air                   2
   e - Slow                           Hexes                        2
   f - Conjure Flame                  Conjuration/Fire             3
   g - Mephitic Cloud                 Conjuration/Poison/Air       3
Comestibles
 f - 8 bread rations
 v - a slice of pizza
 A - 4 fruits


   Skills:
 + Level 3.8 Fighting
   Level 2.8 Short Blades
 + Level 2.3 Armour
 + Level 3.2 Dodging
 - Level 1.7 Stealth
 + Level 0.3 Shields
 * Level 8.2 Unarmed Combat
 - Level 1.0 Spellcasting
   Level 2.0 Conjurations
 - Level 1.0 Evocations


You had 5 spell levels left.
You knew the following spells:

 Your Spells              Type           Power        Failure   Level  Hunger
a - Blink                 Tloc           N/A          56%         2    ###....
b - Repel Missiles        Chrm/Air       #.....       56%         2    ###....


Dungeon Overview and Level Annotations

Branches:
Dungeon (8/15)             Temple (1/1) D:5
   Lair: D:8-11

Altars:
Ashenzari
Cheibriados
Dithmenos
Elyvilon
Fedhas
Gozag
Hepliaklqana
Kikubaaqudgha
Makhleb
Nemelex Xobeh
Okawaru
Pakellas
Qazlal
Ru
Sif Muna
Vehumet
Yredelemnul
Zin
The Shining One

Annotations:
D:3 exclusion: oklob plant


Innate Abilities, Weirdness & Mutations

You have sharp fingernails.
You sometimes gain a little power by taking damage.
You are mostly covered in sharp spines.


Message History

The hill giant hits you with a giant club!
You focus on the pain.
You feel agile all of a sudden.
Throwing (i - inventory):
h - a throwing net (quivered)
Press: ? - help, Shift-Dir - straight line, f/p - hill giant
Aim: a hill giant, wielding a giant club (lightly wounded, immune to nets)
You throw a throwing net. The throwing net hits the hill giant.
The hill giant is too large for the net to hold!
The hill giant is lightly wounded.
The hill giant is struck by your spines.
The hill giant hits you with a giant club!!
* * * LOW HITPOINT WARNING * * *
Unknown command.
You claw the hill giant!
The hill giant is lightly wounded.
You scratch the hill giant.
The hill giant is moderately wounded.
The hill giant hits you with a giant club!!
Ouch! That really hurt!
You die...

###..### #.# ######
#.####### .## ####.......#
#.######..........# ..
#...<..#.#........#####...
#......#.#.#..#...#(......
.#.......#.#..............
.#.....###.#.....C........
.#.....# #.#.##.@#.####...
.####### #.......#.# . .#
###....##C# .#
#..####.####. .#
#..###.......
.###########(......#
...........##.###.##
..#..##.......# #.#
..#..##.##.####
#.#########


You could see a hill giant.

Vanquished Creatures
  An ice beast (D:5)
  A phantom (D:4)
  An ogre (D:6)
  2 centaurs
  2 giant frogs
  2 scorpions
  4 wights (D:7)
  3 howler monkeys
  3 crimson imps
  A giant frog zombie (D:6)
  A jelly (D:8)
  2 orc priests
  3 hounds
  7 orc wizards
  A worker ant (D:6)
  A hound zombie (D:7)
  5 adders
  A shadow imp (D:6)
  2 oozes
  2 adder skeletons
  A worm (D:3)
  7 giant geckos
  27 orcs
  5 giant cockroaches
  9 hobgoblins
  14 jackals
  5 quokkas
  4 ball pythons
  12 bats
  7 giant newts
  7 goblins
  8 kobolds
  A quokka zombie (D:5)
  9 rats
161 creatures vanquished.

Vanquished Creatures (others)
  A fungus (D:3)
1 creature vanquished.

Grand Total: 162 creatures vanquished

Notes
Turn   | Place    | Note
--------------------------------------------------------------
     0 | D:1      | wvc the Demonspawn Wanderer began the quest for the Orb.
     0 | D:1      | wvc set off with: a book of Minor Magic, a +0 short sword, a scroll of teleportation, a +0 robe, a +0 dagger, a bread ration
     0 | D:1      | Reached XP level 1. HP: 15/15 MP: 2/2
   382 | D:1      | Gained mutation: You are partially covered in sharp spines. [demonic ancestry]
   382 | D:1      | Reached XP level 2. HP: 21/21 MP: 3/3
   793 | D:2      | Gained mutation: You have sharp fingernails. [demonic ancestry]
   793 | D:2      | Reached XP level 3. HP: 24/26 MP: 4/4
  1090 | D:2      | Found a stormy altar of Qazlal.
  1437 | D:3      | Reached skill level 1 in Unarmed Combat
  1438 | D:3      | Gained mutation: You sometimes gain a little power by taking damage. [demonic ancestry]
  1438 | D:3      | Reached XP level 4. HP: 29/32 MP: 5/5
  1597 | D:3      | Found a blossoming altar of Fedhas.
  1622 | D:3      | Noticed an oklob plant
  1627 | D:3      | Learned a level 2 spell: Blink
  1630 | D:3      | Learned a level 2 spell: Repel Missiles
  1715 | D:3      | Found a deep blue altar of Sif Muna.
  1726 | D:3      | Reached skill level 1 in Armour
  1741 | D:3      | Noticed a giant frog
  1750 | D:3      | Killed a giant frog
  1750 | D:3      | Reached XP level 5. HP: 30/38 MP: 6/6
  1863 | D:3      | Reached skill level 2 in Unarmed Combat
  2454 | D:4      | Gained mutation: You are mostly covered in sharp spines. [demonic ancestry]
  2454 | D:4      | Reached XP level 6. HP: 39/46 MP: 7/7
  2500 | D:4      | Reached skill level 3 in Unarmed Combat
  2990 | D:4      | Found a hazy altar of Hepliaklqana.
  3233 | D:4      | Reached skill level 4 in Unarmed Combat
  3261 | D:4      | Reached XP level 7. HP: 50/52 MP: 8/8
  3501 | D:5      | Entered Level 5 of the Dungeon
  3566 | D:5      | Reached skill level 5 in Unarmed Combat
  3734 | D:5      | Found a glowing golden altar of the Shining One.
  3870 | D:5      | Found a staircase to the Ecumenical Temple.
  3876 | Temple   | Entered the Ecumenical Temple
  4032 | Temple   | Became a worshipper of Cheibriados the Contemplative
  4099 | D:5      | Got a heavy robe
  4119 | D:5      | Identified the cursed +1 robe of the Pit {rElec} (You found it on level 5 of the Dungeon)
  4649 | D:6      | Reached skill level 6 in Unarmed Combat
  4861 | D:6      | Reached * piety under Cheibriados
  4986 | D:6      | Reached XP level 8. HP: 50/58 MP: 9/9
  5205 | D:6      | Reached skill level 7 in Unarmed Combat
  5661 | D:7      | Reached ** piety under Cheibriados
  6397 | D:7      | Found a glowing silver altar of Zin.
  6535 | D:8      | Reached skill level 8 in Unarmed Combat
  6625 | D:8      | Found an oddly glowing altar of Pakellas.
  6869 | D:8      | Noticed a hill giant
  6876 | D:8      | Demolished by a hill giant

Vault maps used:
D:1:      elethiomel_arrival_maze
D:2:      nicolae_overflow_crystal_walls
D:3:      lemuel_crystal_altar, tgw_fedhas
D:4:      lemuel_upstairs_altar, lemuel_crystal_altar, first_bread
D:5:      nicolae_tso_carved_into_rock, temple_fountains
D:7:      zin_treasury
D:8:      johnstein_pakellas_death_squad
Temple:   hc_temple_tempest_star

Skill      XL: |  1  2  3  4  5  6  7  8 |
---------------+-------------------------+-----
Short Blades   | 2 |  2.8
Unarmed Combat | 1 2 4 6 8 |  8.2
Dodging        | 2 3 |  3.2
Armour         | 1 2 |  2.3
Fighting       | 2 3 |  3.8
Stealth        | |  1.7
Shields        | |  0.3
Spellcasting   | |  1.0
Conjurations   | |  2.0
Evocations     | |  1.0

Action                   |  1- 3 |  4- 6 |  7- 9 || total
-------------------------+-------+-------+-------++-------
Melee: Short sword       |   118 |    62 |       ||   180
       Punch             |       |     1 |     1 ||     2
       Unarmed           |       |   105 |   164 ||   269
Throw: Throwing net      |       |       |     2 ||     2
 Cast: Repel Missiles    |       |     1 |       ||     1
  Use: Scroll            |       |    10 |     3 ||    13
       Potion            |       |     2 |       ||     2
 Stab: Sleeping          |     2 |       |     1 ||     3
  Eat: Chunk             |     1 |     3 |     2 ||     6
       Pizza             |     1 |       |       ||     1
       Bread ration      |       |     1 |       ||     1
       Beef jerky        |       |       |     1 ||     1
       Meat ration       |       |       |     1 ||     1
Armor: Ring mail         |    53 |    58 |    44 ||   155
Dodge: Dodged            |    76 |    65 |    69 ||   210
       Deflected         |       |       |     4 ||     4
Block: Buckler           |       |       |    15 ||    15
